 Dungeon Crawl Stone Soup version 0.29.0-4-gdea44cf6ec (webtiles) character file.

Game seed: 17665762245743568888

1951 qw the Grappler (level 8, -5/78 HPs)
             Began as a Troll Cinder Acolyte on Aug 31, 2022.
             Was an Elder of Ignis.
             Slain by an orc warrior
             ... wielding a +0 glaive
              (9 damage)
             ... on level 7 of the Dungeon.
             The game lasted 00:02:42 (6370 turns).

qw the Grappler (Troll Cinder Acolyte)              Turns: 6370, Time: 00:02:42

Health: -5/78      AC: 11    Str: 25    XL:     8   Next: 99%
Magic:  8/8        EV:  9    Int: 10    God:    Ignis [****..]
Gold:   324        SH:  0    Dex:  5    Spells: 9/9 levels left

rFire   + . .      SeeInvis +     - Unarmed
rCold   . . .      Faith    .   (no shield)
rNeg    . . .      Spirit   .   a - +0 robe
rPois   .          Reflect  .   (helmet restricted)
rElec   .          Harm     .   (no cloak)
rCorr   .          Rampage  .   (gloves unavailable)
Will    +....                   (boots unavailable)
Stlth   +.........              (no amulet)
HPRegen 1.03/turn               c - ring of see invisible
MPRegen 0.11/turn               n - ring of willpower

@: about to teleport, fiery-armoured
A: large, unfitting armour, claws 3, regeneration 1, shaggy fur 1, tough skin 1
a: Renounce Religion, Fiery Armour, Foxfire Swarm, Rising Flame


You were on level 7 of the Dungeon.
You worshipped Ignis.
Ignis was greatly pleased with you.
You visited 1 branch of the dungeon, and saw 7 of its levels.

You collected 532 gold pieces.
You spent 208 gold pieces at shops.


Innate Abilities, Weirdness & Mutations

You are too large for most types of armour.
You have claws for hands.
Your natural rate of healing is unusually fast.
You are covered in fur. (AC +1)
You have tough skin. (AC +1)


   Skills:
 - Level 4.1 Fighting
 - Level 1.1 Dodging
 + Level 11.2 Unarmed Combat
 - Level 1.0 Spellcasting
 - Level 2.1 Fire Magic


You had 9 spell levels left.
You didn't know any spells.
Your spell library contained the following spells:

 Spells                   Type           Power      Damage    Failure   Level
 Scorch                   Fire           8%         2d5       22%         2

Inventory:

Armour
 a - a +0 robe (worn)
Jewellery
 c - a ring of see invisible (left claw)
 n - a ring of willpower (right claw)
 o - an amulet of guardian spirit
 p - a ring of poison resistance
Scrolls
 f - 3 scrolls of enchant armour
 h - 3 scrolls of identify
 j - 4 scrolls of teleportation
Potions
 b - a potion of flight {unknown}
 d - 10 potions of might
 e - a potion of haste {unknown}
 g - a potion of experience {unknown}
 i - 4 potions of curing
 k - a potion of lignification {unknown}
 l - a potion of resistance {unknown}
 m - a potion of berserk rage {unknown}

Dungeon Overview and Level Annotations

Branches:
Dungeon (7/15)
 Temple: D:4-7

Altars:
Dithmenos
Hepliaklqana
Kikubaaqudgha
Nemelex Xobeh
Trog
Uskayaw
Wu Jian
Yredelemnul
The Shining One

Shops:
D:3 *

Annotations:
D:3 3 runed translucent doors, qw's ghost, amateur TeWr
D:6 2 runed translucent doors


Message History

Found a hide-covered altar of Uskayaw.
Things that are here:
a +4 falchion of freezing; a +0 robe
Things that are here:
a +5 falchion of freezing; a +0 robe
Things that are here:
a +2 halberd; a +0 robe The orc warrior shouts!
6331 ||| Stepping ~*~*~tactically~*~*~ (hiding).
You start waiting.
An orc warrior is nearby!
The orc warrior barely misses you.
You claw the orc warrior! You claw the orc warrior!!
You kill the orc warrior!
You start waiting.
An orc warrior comes into view. It is wielding a +0 glaive.
6358 ||| Stepping ~*~*~tactically~*~*~ (stealth).
The orc warrior shouts!
6360 ||| Stepping ~*~*~tactically~*~*~ (hiding).
You start waiting.
An orc warrior is nearby!
The orc warrior hits you with a +0 glaive!
You barely miss the orc warrior.
The orc warrior hits you with a +0 glaive!!
You scratch the orc warrior.
The orc warrior is lightly wounded.
The orc warrior hits you with a +0 glaive!!
6367 ||| INVOKING Fiery Armour.
A protective cloak of flame settles atop you.
The orc warrior hits you with a +0 glaive!
6368 ||| READING 5 scrolls of teleportation.
As you read the scroll of teleportation, it crumbles to dust.
You feel strangely unstable.
The orc warrior hits you with a +0 glaive!
You scratch the orc warrior but do no damage.
The orc warrior is lightly wounded.
You scratch the orc warrior but do no damage.
The orc warrior is lightly wounded.
The orc warrior hits you with a +0 glaive!
You die...

#.# ....... #..#...###
#. #.#
........##.####...#####.
#.# .......
#..#..###.....## #.#
...... ##.##....##.##...
#.# ##...#
#..#.....#..#..#. #.#
#....+
##.##....##.##.### #.#
#....#
#..)###.....#.)#..
##.######....#
#.#...####)##)##..
#............#
#@###...#).#))#...
##########...#
#.o.###...##.##...
#...##..#...###.#.).#.#.
#...##.####...#####...##
##.##.. #.#...#.###...
##.##.# ...##.##.. ###.
#..#..#.....#..#.. ##
#.##.##....##.##.#
#.....###..#..#D.


You could see an orc warrior.

Vanquished Creatures
  A water moccasin (D:7)
  2 orc warriors (D:7)
  2 ice beasts (D:5)
  A sky beast (D:7)
  2 ogres
  2 phantoms (D:5)
  2 bullfrogs (D:6)
  A gnoll sergeant (D:7)
  3 wights (D:7)
  2 howler monkeys
  2 hounds
  3 jellies
  2 gnoll boudas (D:7)
  3 iguanas
  An orc wizard (D:5)
  15 gnolls
  6 adders
  A shadow imp (D:7)
  4 white imps
  2 worms
  5 dart slugs
  11 orcs
  2 bats
  5 endoplasms
  4 giant cockroaches
  5 goblins
  5 hobgoblins
  A jackal (D:4)
  3 kobolds
  4 quokkas
  8 ball pythons
  2 frilled lizards
  5 rats
117 creatures vanquished.

Notes
Turn   | Place    | Note
-------+----------+-------------------------------------------
     0 | D:1      | qw the Troll Cinder Acolyte began the quest for the Orb.
     0 | D:1      | Reached XP level 1. HP: 22/22 MP: 1/1
     0 | D:1      | 0 ||| qw: Version: 0.1-a-97-g2dd2ca4
     0 | D:1      | 0 ||| qw: Game counter: 4476
     0 | D:1      | 0 ||| qw: Always use a shield: true
     0 | D:1      | 0 ||| qw: God list: Okawaru
     0 | D:1      | 0 ||| qw: Allow faded altars: false
     0 | D:1      | 0 ||| qw: Do Orc after D:15 true
     0 | D:1      | 0 ||| qw: Do second Lair branch before Depths: true
     0 | D:1      | 0 ||| qw: Lair rune preference: random
     0 | D:1      | 0 ||| qw: Plans: Normal
     0 | D:1      | 0 ||| PLANNING D:1-11
   310 | D:1      | Reached XP level 2. HP: 27/29 MP: 2/2
   640 | D:1      | 640 ||| Stepping ~*~*~tactically~*~*~ (hiding).
   696 | D:1      | Reached skill level 4 in Unarmed Combat
   725 | D:1      | Found a faded altar of an unknown god.
   919 | D:1      | 919 ||| READING scroll labelled UMEOTI NACSY.
   920 | D:1      | 920 ||| READING scroll labelled MAHO XAITSOU.
   991 | D:2      | 991 ||| Stepping ~*~*~tactically~*~*~ (stealth).
  1006 | D:2      | 1006 ||| Stepping ~*~*~tactically~*~*~ (hiding).
  1033 | D:2      | Reached XP level 3. HP: 36/36 MP: 3/3
  1364 | D:2      | 1364 ||| Stepping ~*~*~tactically~*~*~ (stealth).
  1772 | D:2      | Reached XP level 4. HP: 42/44 MP: 4/4
  1796 | D:2      | 1796 ||| READING scroll labelled USSOOH SIEDI.
  1799 | D:2      | 1799 ||| READING 2 scrolls labelled DOHOOCVA GISI WOE.
  1800 | D:2      | 1800 ||| READING scroll labelled IRIAVARH VIOG.
  1801 | D:2      | 1801 ||| DRINKING 5 pink potions.
  1802 | D:2      | 1802 ||| DROPPING scroll of magic mapping.
  1830 | D:3      | Noticed qw's ghost (amateur TeWr)
  1833 | D:3      | Found a runed translucent gate.
  1833 | D:3      | Found a runed translucent gate.
  1905 | D:3      | Identified the +5 ring mail of Rationality {Dex+2}
  1910 | D:3      | Identified the +1 mace "Kotudas" {freeze, rN+ Int+4 Stlth+}
  1922 | D:3      | Found an ancient bone altar of Kikubaaqudgha.
  1930 | D:3      | Reached skill level 5 in Unarmed Combat
  1938 | D:3      | Found a runed translucent gate.
  1967 | D:3      | 1967 ||| Stepping ~*~*~tactically~*~*~ (hiding).
  2050 | D:3      | Found Numo's Assorted Antiques.
  2056 | D:3      | 2056 ||| Stepping ~*~*~tactically~*~*~ (hiding).
  2057 | D:3      | 2057 ||| Stepping ~*~*~tactically~*~*~ (stealth).
  2058 | D:3      | 2058 ||| Stepping ~*~*~tactically~*~*~ (stealth).
  2060 | D:3      | 2060 ||| INVOKING Fiery Armour.
  2062 | D:3      | 2062 ||| Stepping ~*~*~tactically~*~*~ (stealth).
  2084 | D:3      | 2084 ||| BUYING 2 potions of might (208 gold).
  2084 | D:3      | Bought 2 potions of might for 208 gold pieces
  2084 | D:3      | 2084 ||| SHOPLISTING ancient iron ring (130 gold, have 16).
  2084 | D:3      | 2084 ||| SHOPLISTING grey potion (23 gold, have 16).
  2084 | D:3      | 2084 ||| SHOPLISTING murky clear potion (23 gold, have 16).
  2084 | D:3      | 2084 ||| SHOPLISTING orange potion (23 gold, have 16).
  2084 | D:3      | 2084 ||| SHOPLISTING runed scarf (208 gold, have 16).
  2084 | D:3      | 2084 ||| SHOPLISTING sapphire potion (23 gold, have 16).
  2084 | D:3      | 2084 ||| SHOPLISTING scroll labelled KIDURHE KOCEU (26
                  | gold, have 16).
  2084 | D:3      | 2084 ||| SHOPLISTING scroll labelled VAEGUW POIGA (26 gold,
                  | have 16).
  2149 | D:3      | Found a glowing golden altar of the Shining One.
  2272 | D:3      | Noticed an ogre
  2280 | D:3      | Killed an ogre
  2281 | D:3      | Reached skill level 6 in Unarmed Combat
  2281 | D:3      | Reached XP level 5. HP: 33/50 MP: 5/5
  2410 | D:3      | 2410 ||| Stepping ~*~*~tactically~*~*~ (stealth).
  2584 | D:3      | 2584 ||| READING 2 scrolls labelled EVYUDGH ASUAGO.
  2585 | D:3      | 2585 ||| READING scroll labelled VAEGUW POIGA.
  2586 | D:3      | 2586 ||| READING scroll labelled IRRAUDU HANNOKA.
  2587 | D:3      | 2587 ||| DROPPING scroll of fog.
  2618 | D:4      | 2618 ||| Stepping ~*~*~tactically~*~*~ (stealth).
  2709 | D:4      | 2709 ||| Stepping ~*~*~tactically~*~*~ (hiding).
  2849 | D:4      | 2849 ||| INVOKING Fiery Armour.
  3206 | D:4      | Reached XP level 6. HP: 55/59 MP: 6/6
  3340 | D:4      | Found a sparkling altar of Nemelex Xobeh.
  3507 | D:4      | 3507 ||| UPGRADING to ring of see invisible.
  3508 | D:4      | 3508 ||| READING scroll labelled RIFFERCHISIDD.
  3509 | D:4      | 3509 ||| DRINKING 2 grey potions.
  3510 | D:4      | 3510 ||| DRINKING 2 sapphire potions.
  3511 | D:4      | 3511 ||| DROPPING potion of attraction.
  3561 | D:5      | Entered Level 5 of the Dungeon
  3567 | D:5      | Reached skill level 7 in Unarmed Combat
  3567 | D:5      | 3567 ||| STAIRDANCE
  3631 | D:5      | Noticed an ice beast
  3637 | D:5      | Killed an ice beast
  3662 | D:5      | 3662 ||| Stepping ~*~*~tactically~*~*~ (hiding).
  3664 | D:5      | 3664 ||| Stepping ~*~*~tactically~*~*~ (hiding).
  3668 | D:5      | 3668 ||| Stepping ~*~*~tactically~*~*~ (stealth).
  3676 | D:5      | 3676 ||| Stepping ~*~*~tactically~*~*~ (stealth).
  3726 | D:5      | Noticed an ice beast
  3729 | D:5      | Reached skill level 8 in Unarmed Combat
  3729 | D:5      | Reached XP level 7. HP: 62/66 MP: 7/7
  3736 | D:5      | Reached skill level 3 in Fighting
  3863 | D:5      | 3863 ||| Stepping ~*~*~tactically~*~*~ (stealth).
  3865 | D:5      | 3865 ||| Stepping ~*~*~tactically~*~*~ (hiding).
  3868 | D:5      | 3868 ||| Stepping ~*~*~tactically~*~*~ (hiding).
  3876 | D:5      | 3876 ||| Stepping ~*~*~tactically~*~*~ (outnumbered).
  4285 | D:5      | Reached skill level 9 in Unarmed Combat
  4342 | D:6      | 4342 ||| Stepping ~*~*~tactically~*~*~ (stealth).
  4345 | D:6      | Reached skill level 1 in Dodging
  4385 | D:6      | Reached XP level 8. HP: 56/75 MP: 8/8
  4491 | D:6      | Found a bloodstained altar of Trog.
  4529 | D:6      | Found an ornate altar of the Wu Jian Council.
  4601 | D:6      | Found a large runed translucent door.
  4602 | D:6      | Found a large runed translucent door.
  4959 | D:6      | 4959 ||| UPGRADING to ring of willpower.
  4960 | D:6      | 4960 ||| DRINKING 2 silvery potions.
  5010 | D:7      | 5010 ||| STAIRDANCE
  5109 | D:7      | 5109 ||| STAIRDANCE
  5221 | D:7      | 5221 ||| STAIRDANCE
  5223 | D:6      | 5223 ||| Stepping ~*~*~tactically~*~*~ (outnumbered).
  5224 | D:6      | 5224 ||| Stepping ~*~*~tactically~*~*~ (outnumbered).
  5225 | D:6      | 5225 ||| Stepping ~*~*~tactically~*~*~ (outnumbered).
  5226 | D:6      | 5226 ||| Stepping ~*~*~tactically~*~*~ (outnumbered).
  5227 | D:6      | 5227 ||| Stepping ~*~*~tactically~*~*~ (outnumbered).
  5228 | D:6      | 5228 ||| Stepping ~*~*~tactically~*~*~ (outnumbered).
  5229 | D:6      | 5229 ||| Stepping ~*~*~tactically~*~*~ (outnumbered).
  5230 | D:6      | 5230 ||| Stepping ~*~*~tactically~*~*~ (outnumbered).
  5231 | D:6      | 5231 ||| Stepping ~*~*~tactically~*~*~ (outnumbered).
  5378 | D:7      | Found a faded altar of an unknown god.
  5378 | D:7      | Found a faded altar of an unknown god.
  5378 | D:7      | Found a hazy altar of Hepliaklqana.
  5380 | D:7      | Found a faded altar of an unknown god.
  5431 | D:7      | 5431 ||| Stepping ~*~*~tactically~*~*~ (stealth).
  5433 | D:7      | 5433 ||| Stepping ~*~*~tactically~*~*~ (stealth).
  5443 | D:7      | Reached skill level 10 in Unarmed Combat
  5453 | D:7      | Found a shadowy altar of Dithmenos.
  5670 | D:7      | 5670 ||| Stepping ~*~*~tactically~*~*~ (hiding).
  5792 | D:7      | 5792 ||| Stepping ~*~*~tactically~*~*~ (hiding).
  5847 | D:7      | 5847 ||| Stepping ~*~*~tactically~*~*~ (hiding).
  5895 | D:7      | 5895 ||| Stepping ~*~*~tactically~*~*~ (hiding).
  5896 | D:7      | 5896 ||| Stepping ~*~*~tactically~*~*~ (hiding).
  5902 | D:7      | 5902 ||| Stepping ~*~*~tactically~*~*~ (hiding).
  5903 | D:7      | 5903 ||| Stepping ~*~*~tactically~*~*~ (hiding).
  5907 | D:7      | 5907 ||| Stepping ~*~*~tactically~*~*~ (outnumbered).
  5910 | D:7      | 5910 ||| Stepping ~*~*~tactically~*~*~ (outnumbered).
  5912 | D:7      | 5912 ||| Stepping ~*~*~tactically~*~*~ (outnumbered).
  5919 | D:7      | 5919 ||| INVOKING Fiery Armour.
  6031 | D:7      | Found a basalt altar of Yredelemnul.
  6090 | D:7      | 6090 ||| Stepping ~*~*~tactically~*~*~ (hiding).
  6127 | D:7      | 6127 ||| Stepping ~*~*~tactically~*~*~ (stealth).
  6129 | D:7      | 6129 ||| Stepping ~*~*~tactically~*~*~ (hiding).
  6133 | D:7      | 6133 ||| INVOKING Fiery Armour.
  6134 | D:7      | HP: 15/78 [orc warrior/+0 glaive (6)]
  6135 | D:7      | 6135 ||| READING 6 scrolls of teleportation.
  6136 | D:7      | 6136 ||| DRINKING potion of heal wounds.
  6139 | D:7      | 6139 ||| Stepping ~*~*~tactically~*~*~ (outnumbered).
  6278 | D:7      | Reached skill level 11 in Unarmed Combat
  6288 | D:7      | Found a hide-covered altar of Uskayaw.
  6331 | D:7      | 6331 ||| Stepping ~*~*~tactically~*~*~ (hiding).
  6358 | D:7      | 6358 ||| Stepping ~*~*~tactically~*~*~ (stealth).
  6360 | D:7      | 6360 ||| Stepping ~*~*~tactically~*~*~ (hiding).
  6367 | D:7      | 6367 ||| INVOKING Fiery Armour.
  6367 | D:7      | HP: 15/78 [orc warrior/+0 glaive (7)]
  6368 | D:7      | 6368 ||| READING 5 scrolls of teleportation.
  6368 | D:7      | HP: 3/78 [orc warrior/+0 glaive (13)]
  6370 | D:7      | Slain by an orc warrior

Levels and vault maps discovered:
D:1:      dpeg_arrival_water_temple_mockup, layout_loops_corners,
          shapermc_ecumenical_altar_venn
D:2:      cheibrodos_helix_gallery, layout_basic
D:3:      layout_loops_ring, nicolae_kikubaaqudgha_miasma_corner,
          tso_oasis_becter, gammafunk_ghost_split, serial_shops, shop,
          hangedman_decor_growths
D:4:      layout_cave_pools, nemelex_dance_club_becter, serial_co_window_serial,
          co_window_paths_b, co_window_corner_a, co_window_corner_a,
          co_window_of_opportunity_a, co_window_paths_a, co_window_broadway_a,
          co_window_unsneaky_path_e, co_window_unsneaky_path_a,
          co_window_corner_cb, co_window_paths_d, co_window_paths_e,
          glass_columns_c, glass_columns_c, glass_columns_c, glass_columns_c,
          glass_columns_b, minmay_surrounded
D:5:      layout_loops_ring, hex_large, minivault_26,
          kennysheep_decorative_pillar
D:6:      layout_gridville, nicolae_wu_jian_wuxing_cycle, jmf_multi_god_temple2,
          lemuel_crystal_altar
D:7:      minmay_skewed_foursquare, layout_basic, old_standard_altar,
          nicolae_hepliaklqana_ecumenical_no_more, marbit_many_paths,
          grunt_dithmenos_smoke, minmay_temple_entry_statues_pillars,
          dk_vineyard_2

Skill      XL: |  1  2  3  4  5  6  7  8 |
---------------+-------------------------+-----
Unarmed Combat | 4 6 8 9 11 | 11.2
Fighting       | 3 4 |  4.1
Dodging        | 1 |  1.1
Spellcasting   | |  1.0
Fire Magic     | |  2.1

Action                   |  1- 3 |  4- 6 |  7- 9 || total
-------------------------+-------+-------+-------++-------
Melee: Unarmed           |    82 |    92 |   129 ||   303
       Punch             |     1 |     2 |    12 ||    15
Invok: Fiery Armour      |       |     2 |     3 ||     5
  Use: Scroll            |     2 |     7 |     2 ||    11
       Potion            |       |     3 |     2 ||     5
 Stab: Distracted        |       |       |     1 ||     1
Armor: Robe              |    17 |    21 |    17 ||    55
Dodge: Dodged            |    18 |    30 |    40 ||    88

Table legend:
 A = Non-vault XP
 B = Vault XP
 C = Vault XP percentage of total XP
 D = Non-vault monster count
 E = Vault monster count
 F = Vault count percentage of total count
                 A         B        C        D         E       F
            +---------+---------+-------+---------+---------+-------
      Total |    2168 |     620 |  22.2 |     103 |      14 |  12.0
            +---------+---------+-------+---------+---------+-------
        D:1 |      33 |       0 |   0.0 |      16 |       0 |   0.0
        D:2 |      62 |       3 |   4.6 |      13 |       2 |  13.3
        D:3 |     188 |       0 |   0.0 |      13 |       0 |   0.0
        D:4 |      94 |      10 |   9.6 |      17 |       5 |  22.7
        D:5 |     839 |       0 |   0.0 |      17 |       0 |   0.0
        D:6 |     385 |       0 |   0.0 |      11 |       0 |   0.0
        D:7 |     567 |     607 |  51.7 |      16 |       7 |  30.4
            +---------+---------+-------+---------+---------+-------
